 Dungeon Crawl Stone Soup version 0.31-a0-631-g285b096dc4 (webtiles) character file.

Game seed: 4975685299899069149

137 kae the Changeling (level 5, -3/42 HPs)
             Began as a Draconian Shapeshifter on Aug 25, 2023.
             Slain by a gnoll
             ... wielding a +0 spear
              (8 damage)
             ... on level 3 of the Dungeon.
             The game lasted 00:01:34 (1715 turns).

kae the Changeling (Draconian Shapeshifter)         Turns: 1715, Time: 00:01:34

Health: -3/42      AC:  5    Str: 17    XL:     5   Next: 0%
Magic:  5/5        EV: 17    Int:  8    God:
Gold:   169        SH:  0    Dex: 14    Spells: 4/4 levels left

rFire   . .          .
                       - Unarmed
rCold   . . .        (no shield)
rNeg    . . .        (body armour unavailable)
rPois   +            (helmet currently unavailable)
rElec   .            (cloak currently unavailable)
rCorr   .            (gloves currently unavailable)
SInv    .            (boots currently unavailable)
Will    .....        (no amulet)
Stlth   +            P - ring of poison resistance
HPRegen 0.27/turn    E - +5 ring of evasion
MPRegen 0.09/turn

%: no passive effects
@: beast-form
A: beast (slay +2), AC +5, unfitting armour, cold-blooded
a: Begin Untransformation


You were on level 3 of the Dungeon.
You were a hulking beast.
You visited 1 branch of the dungeon, and saw 3 of its levels.

You collected 169 gold pieces.


Innate Abilities, Weirdness & Mutations

You are a hulking beast.
Your limbs bulge with bestial killing power. (Slay +2)
Your plain brown scales are hard. (AC +5)
You cannot fit into any form of body armour.
You are cold-blooded and may be slowed by cold attacks.


   Skills:
 + Level 2.4 Fighting
 + Level 2.6 Dodging
 + Level 3.6 Unarmed Combat
 * Level 4.1 Shapeshifting


You had 4 spell levels left.
You didn't know any spells.
Your spell library was empty.

Inventory:

Missiles
 d - 20 stones
 g - 9 poisoned darts
Jewellery
 C - a ring of protection from cold
   (You took it off a goblin on level 1 of the Dungeon)
 E - a +5 ring of evasion (right hand)
   (You found it on level 3 of the Dungeon)
 L - a ring of flight
   (You found it on level 1 of the Dungeon)
 P - a ring of poison resistance (left hand)
   (You found it on level 1 of the Dungeon)
Talismans
 b - a beast talisman (active)
 c - a flux talisman
Scrolls
 e - a scroll of enchant weapon {unknown}
 f - a scroll of fog
Potions
 a - a potion of lignification {!q}
 i - 3 potions of heal wounds {@q2}

Dungeon Overview and Level Annotations

Branches:
Dungeon (3/15) Zot: 16287

Altars:
Nemelex Xobeh
Xom

######### #.......# *** #.......#
*,, ********** #.......#######
*.. ,,,**,,,,* #.............##
*.. **,**,,,,*
#.......#####..###.. **,**,,,,*
#.......#......#.... ,*,**,.,,*
#.)h.........)...... ,*,,,,...**
###.###.............
,*,,,,....###*##g# #......>......
,,,,,,.......##..###.............
,,,,,,..g.........##.............
,*,,,,.........#.................
**,,,<.........##................
,*,,,,....##....*####............
,*,*,,###,.......,,*##...........


You could see a gnoll.


Message History

The endoplasm quivers.
A hobgoblin and a gnoll come into view.
The endoplasm quivers.
The hobgoblin shouts!
A gnoll comes into view. It is wielding a +0 flail.
The gnoll moves out of view.
There are monsters nearby!
The endoplasm freezes you.
You are frozen.
You feel yourself slow down.
You barely miss the endoplasm.
The endoplasm closely misses you. 😕 HP[-2]
You take 2 damage, and now have 35/37 hp.
You feel yourself speed up.
The gnoll shouts!
A gnoll comes into view. It is wielding a +0 spear.
The endoplasm freezes you.
You are frozen.
You feel yourself slow down.
The endoplasm barely misses you. 😕 HP[-2]
You take 2 damage, and now have 33/37 hp.
The endoplasm attacks as it pursues you!
The endoplasm hits you but does no damage.
The hobgoblin hits you.
The endoplasm closely misses you. 😕 HP[-3]
You take 3 damage, and now have 30/37 hp.
You feel yourself speed up. 😕 HP[+1]
You hit the hobgoblin but do no damage. You tail-slap the hobgoblin.
The hobgoblin closely misses you.
You punch the hobgoblin!
You kill the hobgoblin!
Okay, then.
Okay, then.
You hit the endoplasm. The endoplasm freezes you.
You are frozen.
You hit the endoplasm. The endoplasm freezes you.
You are frozen. 😕 HP[-2]
You take 2 damage, and now have 29/37 hp.
The gnoll shouts!
You hit the endoplasm. The endoplasm barely misses you.
You hit the endoplasm.
You kill the endoplasm!
You hit the gnoll. The gnoll hits you with a +0 flail.
The gnoll hits you from afar with a +0 spear.
You are too injured to fight recklessly! 😮 HP[-4]
You take 4 damage, and now have 25/37 hp.
Unknown command.
You hit the gnoll. The gnoll hits you with a +0 flail!
* * * LOW HITPOINT WARNING * * *
😨 HP[-7]
You take 7 damage, and now have 18/37 hp.
You are too injured to fight recklessly!
You are too injured to fight recklessly!
You hit the gnoll.
You kill the gnoll!
The gnoll completely misses you.
Unknown command.
Unknown command.
You hit the endoplasm. You tail-slap the endoplasm. The endoplasm freezes you.
You are frozen.
* * * LOW HITPOINT WARNING * * *
You feel yourself slow down. 😨 HP[-4]
You take 4 damage, and now have 14/37 hp.
You punch the endoplasm!
You kill the endoplasm!
The gnoll misses you.
You have reached level 5! 😨 HP[+3] MP[+1]
You now have 42 max hp (+5).
You regained 3 hp, and now have 17/42 hp.
Your mp is fully restored (5).
You punch the gnoll! The gnoll barely misses you.
The gnoll hits you from afar with a +0 spear.
* * * LOW HITPOINT WARNING * * *
😨 HP[-2]
You take 2 damage, and now have 15/42 hp.
Unknown command.
You hit the gnoll but do no damage.
The gnoll hits you from afar with a +0 spear.
* * * LOW HITPOINT WARNING * * *
The gnoll completely misses you.
The gnoll hits you from afar with a +0 spear!
* * * LOW HITPOINT WARNING * * *
The gnoll closely misses you. 😱 HP[-10]
You take 10 damage, and now have 5/42 hp.
MASSIVE DAMAGE!! (PAUSE)
You hit the gnoll.
You kill the gnoll!
You feel yourself speed up.
The gnoll hits you from afar with a +0 spear!
You die...

Skill      XL: |  1  2  3  4 |
---------------+-------------+-----
Dodging        | 2 |  2.6
Fighting       | 2 |  2.4
Shapeshifting  | 4 |  4.1
Unarmed Combat | |  3.6

Action                     |  1- 3 |  4- 6 || total
---------------------------+-------+-------++-------
  Melee: Unarmed           |   107 |    40 ||   147
         Tailslap          |     5 |     2 ||     7
         Punch             |     3 |     1 ||     4
    Use: Scroll            |     7 |       ||     7
         Potion            |       |     1 ||     1
   Stab: Sleeping          |     2 |     1 ||     3
 Armour: Skin              |    29 |    17 ||    46
  Dodge: Dodged            |    46 |    25 ||    71

Levels and vault maps discovered:
D:1:      minmay_arrival_open_corners, layout_loops_corners,
          minmay_misc_feat_alley, kennysheep_nondescript, st_stairs_9
D:2:      layout_rooms, basic_altar
D:3:      layout_rooms, mainiacjoe_overflow_24_doors,
          mainiacjoe_overflow_tiny_flanked, nemelex_dance_club_becter,
          nicolae_ashenzari_panopticon, glass_columns_a, uniq_grinder,
          uniq_robin

Notes
Turn   | Place    | Note
-------+----------+-------------------------------------------
     0 | D:1      | kae the Draconian Shapeshifter began the quest for the Orb.
     0 | D:1      | Reached XP level 1. HP: 16/16 MP: 1/1
     0 | D:1      | magus.rc [v1.11.3]
   304 | D:1      | Reached XP level 2. HP: 23/23 MP: 2/2
   339 | D:1      | Reached skill level 2 in Dodging
   799 | D:1      | Reached XP level 3. HP: 23/29 MP: 3/3
   950 | D:2      | Found a sparkling altar of Nemelex Xobeh.
  1229 | D:2      | Reached skill level 2 in Fighting
  1477 | D:3      | Found a sparkling altar of Nemelex Xobeh.
  1545 | D:3      | Reached XP level 4. HP: 36/36 MP: 4/4
  1598 | D:3      | Noticed Robin
  1604 | D:3      | Killed Robin
  1616 | D:3      | Reached skill level 4 in Shapeshifting
  1667 | D:3      | Found a shimmering altar of Xom.
  1713 | D:3      | Reached XP level 5. HP: 17/42 MP: 5/5
  1714 | D:3      | HP: 5/42 [gnoll/+0 spear (9)]
  1715 | D:3      | Slain by a gnoll

Vanquished Creatures
  A sleepcap (D:3)
  Robin (D:3)
  2 gnolls (D:3)
  An adder (D:2)
  A worm (D:2)
  3 dart slugs (D:1)
  An orc (D:3)
  7 ball pythons
  8 endoplasms
  2 giant cockroaches (D:1)
  6 hobgoblins
  4 jackals (D:3)
  3 kobolds
  A quokka (D:2)
  2 bats
  5 frilled lizards
  16 goblins
  2 rats (D:1)
66 creatures vanquished.

Table legend:
 A = Non-vault XP
 B = Vault XP
 C = Vault XP percentage of total XP
 D = Non-vault monster count
 E = Vault monster count
 F = Vault count percentage of total count
                 A         B        C        D         E       F
            +---------+---------+-------+---------+---------+-------
      Total |     171 |      39 |  18.6 |      52 |      14 |  21.2
            +---------+---------+-------+---------+---------+-------
        D:1 |      41 |       3 |   6.8 |      21 |       2 |   8.7
        D:2 |      45 |       0 |   0.0 |      18 |       0 |   0.0
        D:3 |      85 |      36 |  29.8 |      13 |      12 |  48.0
            +---------+---------+-------+---------+---------+-------

Skill      XL: |  1  2  3  4 |
---------------+-------------+-----
Dodging        | 2 |  2.6
Fighting       | 2 |  2.4
Shapeshifting  | 4 |  4.1
Unarmed Combat | |  3.6

Action                     |  1- 3 |  4- 6 || total
---------------------------+-------+-------++-------
  Melee: Unarmed           |   107 |    40 ||   147
         Tailslap          |     5 |     2 ||     7
         Punch             |     3 |     1 ||     4
    Use: Scroll            |     7 |       ||     7
         Potion            |       |     1 ||     1
   Stab: Sleeping          |     2 |     1 ||     3
 Armour: Skin              |    29 |    17 ||    46
  Dodge: Dodged            |    46 |    25 ||    71

Illustrated notes

Table legend:
 A = Kills in this place as a percentage of kills in the entire game.
 B = Kills by you in this place as a percentage of kills by you in the entire game.
 C = Kills by friends in this place as a percentage of kills by friends in the entire game.
 D = Other kills in this place as a percentage of other kills in the entire game.
 E = Experience gained in this place as a percentage of experience gained in the entire game.
 F = Experience gained in this place divided by the number of levels of this place that you have seen.
                   A       B       C       D       E      F
               +-------+-------+-------+-------+-------+----------------------
         Total | 100.0 | 100.0 |   N/A |   N/A | 100.0 |  70.0
       Dungeon | 100.0 | 100.0 |   N/A |   N/A | 100.0 |  70.0
               +-------+-------+-------+-------+-------+----------------------

Table legend: (Time is in decaauts)
 A = Elapsed time spent in this place.
 B = Non-inter-level travel time spent in this place.
 C = Inter-level travel time spent in this place.
 D = Time resting spent in this place.
 E = Time spent auto-exploring this place.
 F = Levels seen in this place.
 G = Mean time per level.
                   A        B        C        D        E       F      G
               +--------+--------+--------+--------+--------+-----+--------+
         Total |   1710 |   1600 |    110 |      0 |   1293 |   3 |  570.0 |
       Dungeon |   1710 |   1600 |    110 |      0 |   1293 |   3 |  570.0 |
               +--------+--------+--------+--------+--------+-----+--------+

Top non-repeatable levels by time:
     D:1: 948 daAuts
     D:2: 550 daAuts
     D:3: 211 daAuts
